 Dungeon Crawl Stone Soup version 0.29.1-1-gd02db6906a (webtiles) character file.

Game seed: 10456120346531212882

2555 croobank the Caller (level 9, -15/61 HPs)
             Began as an Octopode Summoner on Oct 4, 2022.
             Was an Initiate of Gozag.
             Killed from afar by a steam dragon (26 damage)
             ... with a ball of steam
             ... on level 6 of the Dungeon.
             The game lasted 01:53:55 (7995 turns).

croobank the Caller (Octopode Summoner)             Turns: 7995, Time: 01:53:56

Health: -15/61     AC:  1    Str:  8    XL:     9   Next: 56%
Magic:  9/17       EV: 15    Int: 21    God:    Gozag
Gold:   823        SH:  0    Dex: 12    Spells: 5/18 levels left

rFire   . . .      SeeInvis .   r - +0 spear (venom)
rCold   + . .      Faith    .   (no shield)
rNeg    + . .      Spirit   .   (helmet restricted)
rPois   .          Reflect  .   h - amulet of regeneration
rElec   .          Harm     .   o - ring of protection from cold
rCorr   .          Rampage  .   y - ring of positive energy
Will    .....                   (no ring)
Stlth   +++.......              (no ring)
HPRegen 1.00/turn               (no ring)
MPRegen 0.15/turn               (no ring)
                                (no ring)
                                (no ring)

@: gold aura
A: almost no armour, amphibious, 8 rings, camouflage 1, gelatinous body 1,
(nimble swimmer 1), tentacles
a: Renounce Religion, Potion Petition, Call Merchant, Bribe Branch


You were on level 6 of the Dungeon.
You worshipped Gozag.
Gozag was pleased with you.
You visited 2 branches of the dungeon, and saw 7 of its levels.
You also visited: Ossuary.

You collected 871 gold pieces.
You paid 48 gold pieces to Gozag.

Inventory:

Hand Weapons
 g - a +0 flail
 r - a +0 spear of venom (weapon)
 B - a +0 broad axe
Missiles
 w - 2 throwing nets
Magical Staves
 k - a staff of cold
Jewellery
 h - an amulet of regeneration (around mantle)
 o - a ring of protection from cold (left tentacle)
 y - a ring of positive energy (right tentacle)
Wands
 s - a wand of flame (32)
 x - a wand of roots (8)
Scrolls
 a - 2 scrolls of butterflies
 l - 2 scrolls of teleportation
 m - a scroll of summoning {unknown}
 t - 2 scrolls of poison
 u - 2 scrolls of magic mapping {unknown}
 z - a scroll of fear
Potions
 b - 4 potions of ambrosia
 c - 2 potions of curing {unknown}
 d - a potion of haste
 e - 2 potions of attraction
 f - 2 potions of invisibility
 j - 3 potions of flight {unknown}
 n - 3 potions of might {unknown}
 p - 2 potions of magic
 q - a potion of lignification {unknown}
 v - a potion of cancellation {unknown}
 A - a potion of degeneration {unknown}
 C - a potion of resistance {unknown}


   Skills:
 + Level 5.3 Fighting
 + Level 6.0 Dodging
 - Level 3.0 Stealth
 + Level 5.4 Spellcasting
 + Level 4.4 Hexes
 + Level 6.9 Summonings
 + Level 3.1 Air Magic


You had 5 spell levels left.
You knew the following spells:

 Your Spells              Type           Power      Damage    Failure   Level
a - Summon Small Mammal   Summ           100%       N/A       1%          1
b - Call Imp              Summ           34%        N/A       1%          2
c - Call Canine Familiar  Summ           34%        N/A       1%          3
d - Summon Guardian Gole  Hex/Summ       29%        N/A       3%          3
e - Summon Lightning Spi  Summ/Air       26%        N/A       13%         4

Your spell library contained the following spells:

 Spells                   Type           Power      Damage    Failure   Level
 Confusing Touch          Hex            24%        N/A       4%          3
 Magic Dart               Conj           20%        1d4       11%         1
 Necrotise                Necr           20%        1d5       11%         1
 Blink                    Tloc           10%        N/A       16%         2
 Searing Ray              Conj           10%        2d4       16%         2
 Gell's Gravitas          Tloc           5%         N/A       30%         3
 Lesser Beckoning         Tloc           5%         N/A       30%         3
 Teleport Other           Tloc           5%         N/A       30%         3
 Vampiric Draining        Necr           5%         2d6       30%         3
 Fulminant Prism          Conj/Hex       7%         3d7       38%         4
 Yara's Violent Unravell  Hex/Tmut       7%         3d5       75%         5
 Agony                    Necr           5%         N/A       96%         5
 Manifold Assault         Tloc           5%         N/A       96%         5
 Enfeeble                 Hex            12%        N/A       100%        7


Dungeon Overview and Level Annotations

Branches:
Dungeon (6/15)             Temple (1/1) D:4         Ossuary (visited)

Altars:
Ashenzari
Cheibriados
Dithmenos
Fedhas
Gozag
Hepliaklqana
Makhleb
Nemelex Xobeh
Qazlal
Sif Muna
Trog
Uskayaw
Vehumet
Wu Jian
Xom
Yredelemnul
Zin
The Shining One

Shops:
D:3 *


Innate Abilities, Weirdness & Mutations

You cannot wear most types of armour.
You are amphibious.
You can wear up to eight rings at the same time.
Your skin changes colour to match your surroundings (Stealth+).
Your rubbery body absorbs attacks. (AC +1, EV +1)
((You are camouflaged when in or above water. (Stealth+)))
You have tentacles for arms and can constrict up to eight enemies at once.


Message History

Press: ? - help, Dir - move target, f/p - steam dragon
Aim: a steam dragon (severely wounded, ally target, about 38% to evade your +0 spear of venom)
You could not reach far enough!
The steam dragon bites your guardian golem but does no damage.
The steam dragon claws your guardian golem but does no damage.
Reach: r) +0 spear (venom)
Press: ? - help, Dir - move target, f/p - steam dragon
Aim: a steam dragon (severely wounded, ally target, about 38% to evade your +0 spear of venom)
You reach to attack!
You hit the steam dragon.
The steam dragon is poisoned.
The steam dragon is severely wounded.
The steam dragon bites your guardian golem but does no damage.
The steam dragon claws your guardian golem.
Reach: r) +0 spear (venom)
Press: ? - help, Dir - move target, f/p - steam dragon
Aim: a steam dragon (severely wounded, very poisoned, ally target, about 38% to evade your +0 spear of venom)
You could not reach far enough!
The steam dragon bites your guardian golem.
The steam dragon completely misses your guardian golem.
Your crimson imp hits the steam dragon but does no damage.
Reach: r) +0 spear (venom)
Press: ? - help, Dir - move target, f/p - steam dragon
Aim: a steam dragon (severely wounded, not watching you, very poisoned, ally target, about 38% to evade your +0 spear of venom)
You reach to attack!
You closely miss the steam dragon.
The steam dragon is severely wounded.
The steam dragon breathes steam at you.
The ball of steam hits your guardian golem.
Your guardian golem resists.
The ball of steam hits you!
* * * LOW HITPOINT WARNING * * *
Your crimson imp barely misses the steam dragon.
Your guardian golem overheats!
Reach: r) +0 spear (venom)
Press: ? - help, Dir - move target, f/p - steam dragon
Aim: a steam dragon (almost dead, very poisoned, ally target, about 38% to evade your +0 spear of venom)
You reach to attack!
You closely miss the steam dragon.
The steam dragon is almost dead.
The steam dragon breathes steam at you. The ball of steam hits you!!
You die...
Your body crumbles into a pile of gold.

#......#... ..... ....
#.#########.##.#######
#.........# ..###
##........# # #.#..
#........# ....##)#..
#........### #.......
#......()..# #.####..
#........# # #..
#.§.@§D..# ###
#§§§§§95#######
#####.$.......#
#...##.##.# #....# #
#####...#.# #
#.........# .#
#.#.##.##.#.#
#......#.#


You could see a steam dragon (very poisoned, catching breath, ally target), a
friendly guardian golem (summoned, inner flame) and a friendly crimson imp
(summoned, sheltered).

Vanquished Creatures
  Grinder (D:5)
  A hornet zombie (Ossuary)
  A centaur (D:5)
  A kobold brigand (D:6)
  A scorpion (D:5)
  A centaur zombie (Ossuary)
  4 bullfrog zombies (Ossuary)
  3 iguanas
  4 orc wizards
  A killer bee zombie (Ossuary)
  4 mummies (Ossuary)
  A howler monkey zombie (Ossuary)
  3 gnolls (D:6)
  An adder (D:4)
  An ufetubus (D:5)
  An orc (D:6)
  A giant cockroach (D:1)
  A goblin (D:1)
  A hobgoblin (D:3)
  A quokka (D:1)
  A ball python (D:3)
  A bat (D:3)
  A frilled lizard (D:2)
36 creatures vanquished.

Vanquished Creatures (collateral kills)
  2 black bears
  An ogre (D:5)
  2 phantoms (D:5)
  A scorpion (D:6)
  A necrophage (D:4)
  A bullfrog zombie (Ossuary)
  A centaur zombie (Ossuary)
  2 jellies (D:5)
  3 orc priests
  A gnoll bouda (D:6)
  2 hounds
  2 iguanas (D:5)
  3 orc wizards (D:5)
  8 mummies (Ossuary)
  A howler monkey zombie (Ossuary)
  9 gnolls
  4 river rats (D:5)
  7 adders
  A shadow imp (D:5)
  An ufetubus (D:5)
  2 worms
  3 dart slugs
  9 orcs
  3 bats (D:3)
  5 endoplasms
  3 giant cockroaches
  4 goblins
  4 hobgoblins
  9 kobolds
  5 ball pythons
  2 frilled lizards
102 creatures vanquished.

Vanquished Creatures (others)
  An ogre (D:5)
  3 mummies (Ossuary)
  24 plants (D:5)
  9 withered plants (Ossuary)
37 creatures vanquished.

Grand Total: 175 creatures vanquished

Notes
Turn   | Place    | Note
-------+----------+-------------------------------------------
     0 | D:1      | croobank the Octopode Summoner began the quest for the Orb.
     0 | D:1      | Reached XP level 1. HP: 11/11 MP: 3/3
   407 | D:1      | Reached XP level 2. HP: 17/17 MP: 1/5
   841 | D:2      | Learned a level 2 spell: Call Imp
   867 | D:2      | Found a faded altar of an unknown god.
  1380 | D:2      | Reached XP level 3. HP: 22/22 MP: 1/6
  1384 | D:2      | Learned a level 3 spell: Call Canine Familiar
  1439 | D:2      | Reached skill level 1 in Fighting
  1924 | D:3      | Found a sparkling altar of Nemelex Xobeh.
  1968 | D:3      | Found Jamnipto's General Store.
  2076 | D:3      | Found a glowing golden altar of the Shining One.
  2088 | D:3      | Reached XP level 4. HP: 28/28 MP: 3/7
  2132 | D:3      | Identified the +1 mace of Efeg {elec, Will++ Str+4 Int+4
                  | Stlth-}
  2836 | D:3      | Found a snail-covered altar of Cheibriados.
  2975 | D:3      | Reached XP level 5. HP: 34/34 MP: 7/9
  3395 | D:4      | Found a staircase to the Ecumenical Temple.
  3415 | Temple   | Entered the Ecumenical Temple
  3585 | Temple   | Became a worshipper of Gozag Ym Sagoz the Greedy
  3817 | D:4      | Reached XP level 6. HP: 40/40 MP: 6/10
  3855 | D:4      | Learned a level 3 spell: Summon Guardian Golem
  3924 | D:4      | Reached skill level 5 in Summonings
  4320 | D:5      | Entered Level 5 of the Dungeon
  4569 | D:5      | Reached skill level 1 in Hexes
  4783 | D:5      | Found a sand-covered staircase.
  4788 | Ossuary  | Entered an ossuary
  4843 | Ossuary  | Reached XP level 7. HP: 42/46 MP: 5/12
  5064 | Ossuary  | Reached XP level 8. HP: 53/54 MP: 3/14
  5551 | D:5      | Learned a level 4 spell: Summon Lightning Spire
  5566 | D:5      | Reached skill level 5 in Dodging
  5851 | D:5      | Reached skill level 1 in Air Magic
  6357 | D:5      | Found an ornate altar of the Wu Jian Council.
  6545 | D:5      | Reached XP level 9. HP: 59/59 MP: 7/16
  6616 | D:5      | Reached skill level 5 in Spellcasting
  6781 | D:5      | Noticed Grinder
  6831 | D:5      | Killed Grinder
  6932 | D:5      | Reached skill level 5 in Fighting
  7995 | D:6      | Killed from afar by a steam dragon

Illustrated notes

Levels and vault maps discovered:
D:1:      denvon_arrival_waterhouse, layout_loops_cross, moated_statue
D:2:      layout_loops_ring, shapermc_ecumenical_altar_starsandcircs
D:3:      layout_loops_ring, mainiacjoe_overflow_concentric_impassable,
          nemelex_xobeh_ov_fountains_minmay, lemuel_round_altar, serial_shops,
          nicolae_shop_temple_entry_statues_fountains
D:4:      layout_loops_ring, minmay_temple_entry_waves, minmay_misc_feat_doors,
          dk_noncrumbling_4
D:5:      wad_woods_tower, layout_basic, mainiacjoe_overflow_cross_hatched,
          enter_ossuary_5, hangedman_abyss_or_decor_passed,
          minmay_a_box_with_orc_wizards_in_it, uniq_grinder
D:6:      layout_basic, chequers_jeans, minivault_23
Temple:   eino_narrow_crystal_temple

Skill      XL: |  1  2  3  4  5  6  7  8  9 |
---------------+----------------------------+-----
Stealth        | 3 |  3.0
Fighting       | 1 2 3 4 5 |  5.3
Dodging        | 3 4 5 6 |  6.0
Spellcasting   | 3 4 5 |  5.4
Summonings     | 5 6 |  6.9
Hexes          | 1 2 3 4 |  4.4
Air Magic      | 1 3 |  3.1

Action                   |  1- 3 |  4- 6 |  7- 9 || total
-------------------------+-------+-------+-------++-------
Melee: Constrict         |     6 |     8 |    22 ||    36
       Unarmed           |     4 |       |       ||     4
       Tentacles         |     2 |     5 |    31 ||    38
       Flail             |     9 |       |       ||     9
       Spear             |       |    25 |   125 ||   150
       Punch             |       |       |     1 ||     1
 Cast: Summon Small Mamm |    45 |    41 |    38 ||   124
       Call Imp          |     9 |    17 |    13 ||    39
       Call Canine Famil |     1 |    22 |    34 ||    57
       Summon Guardian G |       |       |    17 ||    17
       Summon Lightning  |       |       |     2 ||     2
  Use: Scroll            |       |    12 |     1 ||    13
       Potion            |       |       |     3 ||     3
 Stab: Sleeping          |     1 |     1 |       ||     2
       Distracted        |       |       |     3 ||     3
Armor: Skin              |     3 |       |     4 ||     7
Dodge: Dodged            |    21 |    11 |    73 ||   105
